 Dungeon Crawl Stone Soup version 0.26.1-11-gd32895ea62 (webtiles) character file.

Game seed: 10997684296974433815

524 Zeld the Cleaver (level 7, 57/57 HPs)
             Began as a Minotaur Berserker on May 23, 2021.
             Was a Believer of Trog.
             Quit the game on level 5 of the Dungeon.
             The game lasted 00:04:06 (6060 turns).

Zeld the Cleaver (Minotaur Berserker)               Turns: 6060, Time: 00:04:07

Health: 57/57      AC:  0    Str: 23    XL:     7   Next: 2%
Magic:  6/6        EV: 12    Int:  4    God:    Trog [**....]
Gold:   329        SH:  0    Dex: 10    Spells: 6/6 levels left

rFire    . . .     SeeInvis .   a - +0 hand axe
rCold    . . .     Faith    .   (no shield)
rNeg     . . .     Spirit   .   (no armour)
rPois    .         Reflect  .   (helmet restricted)
rElec    .         Harm     .   (no cloak)
rCorr    .         Rampage  .   (no gloves)
Will     .....                  (no boots)
Stlth    +.........             (no amulet)
HPRegen  0.19/turn              (no ring)
MPRegen  0.10/turn              (no ring)

@: no status effects
A: retaliatory headbutt, horns 2
a: Renounce Religion, Berserk, Trog's Hand


You were on level 5 of the Dungeon.
You worshipped Trog.
Trog was pleased with you.
You visited 1 branch of the dungeon, and saw 5 of its levels.

You collected 329 gold pieces.

Inventory:

Hand Weapons
 a - a +0 hand axe (weapon)
Jewellery
 p - an uncursed ring of protection from fire
Wands
 o - a wand of paralysis (7)
Scrolls
 b - 4 scrolls of remove curse
 d - a scroll of identify {unknown}
 i - a scroll of fog {unknown}
 k - 4 scrolls of teleportation
 l - a scroll of blinking {unknown}
 n - a scroll of fear {unknown}
 q - 2 scrolls of enchant armour {unknown}
 r - a scroll of magic mapping {unknown}
Potions
 c - a potion of flight {unknown}
 e - a potion of might {unknown}
 f - a potion of haste {unknown}
 g - 4 potions of heal wounds {unknown}
 h - 2 potions of lignification {unknown}
 j - a potion of attraction {unknown}
 m - a potion of ambrosia {unknown}


   Skills:
 - Level 3.6 Fighting
 * Level 9.6 Axes
 - Level 2.4 Armour
 - Level 2.1 Dodging


You had 6 spell levels left.
You didn't know any spells.
Your spell library was empty.

Dungeon Overview and Level Annotations

Branches:
Dungeon (5/15)
 Temple: D:4-7

Altars:
Kikubaaqudgha
Ru


Innate Abilities, Weirdness & Mutations

You reflexively headbutt those who attack you in melee.
You have a pair of horns on your head.


Message History

No target in view!
You open the door.
Found a club.
No target in view!
There is an open door here.
You see here a club.
Found an escape hatch in the floor.
No target in view!
No target in view!
You open the door.
There is an open door here.
You now have 329 gold pieces (gained 20).
Found a stone staircase leading up.
No target in view!
No target in view!
There is a stone staircase leading up here.
An adder comes into view.
An adder is nearby!
Found a flail and a leather armour.
Are you sure you want to abandon this character and quit the game? (Confirm with "yes".)

#.##..# ... .......
#.###.# ... ..[....
#.# #.# ......)####.#
#.# .......#....#
#.## .......##.###
#..# ....... #.#
##.##.##+#
...S...##<# #..# ....
#...@.########.####..
+!....+...........+..
#.....#########.###..
#.....# #..##.. #####
####### ##.##.. ...<#
#..#'# ##### #.....
#..... .......#.....


You could see an adder (asleep).

Vanquished Creatures
  Purgy (D:3)
  An ogre (D:4)
  A bullfrog skeleton (D:4)
  A hound (D:4)
  Natasha (thrice) (D:2)
  A worker ant (D:5)
  9 adders
  A shadow imp (D:5)
  An ooze (D:5)
  2 worms
  4 dart slugs
  5 leopard geckos
  An orc (D:4)
  3 ball pythons
  5 bats
  7 giant cockroaches
  10 goblins
  8 hobgoblins
  3 kobolds
  2 quokkas
  4 frilled lizards
  5 rats
78 creatures vanquished.

Notes
Turn   | Place    | Note
-------+----------+-------------------------------------------
     0 | D:1      | Zeld the Minotaur Berserker began the quest for the Orb.
     0 | D:1      | Reached XP level 1. HP: 19/19 MP: 0/0
   108 | D:1      | Reached skill level 4 in Axes
   109 | D:1      | Reached XP level 2. HP: 14/26 MP: 1/1
   534 | D:1      | Reached skill level 5 in Axes
   936 | D:1      | Reached XP level 3. HP: 27/31 MP: 2/2
  1842 | D:2      | Noticed Natasha
  1849 | D:2      | Killed Natasha
  1850 | D:2      | Reached skill level 6 in Axes
  1850 | D:2      | Reached XP level 4. HP: 29/39 MP: 3/3
  2204 | D:2      | Noticed Natasha
  2210 | D:2      | Killed Natasha
  2972 | D:2      | Noticed Natasha
  2977 | D:2      | Killed Natasha
  2978 | D:2      | Reached skill level 7 in Axes
  2978 | D:2      | Reached XP level 5. HP: 45/45 MP: 4/4
  3043 | D:3      | Found a faded altar of an unknown god.
  3051 | D:3      | Reached ** piety under Trog
  3274 | D:3      | Noticed Purgy
  3286 | D:3      | Killed Purgy
  3287 | D:3      | Reached skill level 8 in Axes
  3927 | D:3      | Reached XP level 6. HP: 51/51 MP: 5/5
  4108 | D:3      | Found a sacrificial altar of Ru.
  4108 | D:3      | Found an ancient bone altar of Kikubaaqudgha.
  5069 | D:4      | Reached skill level 9 in Axes
  5378 | D:5      | Entered Level 5 of the Dungeon
  5737 | D:5      | Reached XP level 7. HP: 57/57 MP: 6/6
  6060 | D:5      | Quit the game

Illustrated notes

Levels and vault maps discovered:
D:1:      lemuel_arrival_hallway, layout_rooms
D:2:      layout_basic, uniq_natasha
D:3:      layout_basic, amethyst_overflow_temple_binary,
          chequers_ecumenical_altar_simple_redux, uniq_purgy
D:4:      layout_basic
D:5:      layout_basic

Skill      XL: |  1  2  3  4  5  6 |
---------------+-------------------+-----
Axes           | 4 5 6 7 8 9 |  9.6
Fighting       | |  3.6
Armour         | |  2.4
Dodging        | |  2.1

Action                   |  1- 3 |  4- 6 |  7- 9 || total
-------------------------+-------+-------+-------++-------
Melee: Hand axe          |    82 |    97 |     6 ||   185
       Headbutt          |     8 |    15 |     1 ||    24
Invok: Berserk           |     1 |     4 |       ||     5
       Trog's Hand       |       |     3 |       ||     3
  Use: Scroll            |       |     2 |       ||     2
Dodge: Dodged            |    42 |    59 |     2 ||   103
